 Dungeon Crawl Stone Soup version 0.27-a0-1119-gbf574a6a6b (webtiles) character file.

Game seed: 11241378726909517434

100 Zeld the Skirmisher (level 4, -2/31 HPs)
             Began as an Octopode Fighter on May 3, 2021.
             Killed from afar by Natasha (6 damage)
             ... with a magic dart
             ... on level 2 of the Dungeon.
             The game lasted 00:01:32 (1757 turns).

Zeld the Skirmisher (Octopode Fighter)              Turns: 1757, Time: 00:01:33

Health: -2/31      AC:  1    Str: 16    XL:     4   Next: 74%
Magic:  4/4        EV: 11    Int: 10    God:
Gold:   59         SH:  8    Dex: 11    Spells: 3/3 levels left

rFire    . . .     SeeInvis .   a - +0 war axe
rCold    . . .     Faith    .   b - +0 kite shield
rNeg     . . .     Spirit   .   (helmet restricted)
rPois    .         Reflect  .   (no amulet)
rElec    .         Harm     .   (no ring)
rCorr    .         Rampage  .   (no ring)
Will     .....                  (no ring)
Stlth    ++........             (no ring)
HPRegen  0.10/turn              (no ring)
MPRegen  0.09/turn              (no ring)
                                (no ring)
                                (no ring)

@: no status effects
A: almost no armour, amphibious, 8 rings, camouflage 1, gelatinous body 1,
(nimble swimmer 1), tentacles
a: no special abilities


You were on level 2 of the Dungeon.
You visited 1 branch of the dungeon, and saw 2 of its levels.

You collected 59 gold pieces.

Inventory:

Hand Weapons
 a - a +0 war axe (weapon)
Missiles
 e - 5 boomerangs (quivered)
Armour
 b - a +0 kite shield (worn)
Scrolls
 f - a scroll of teleportation {unknown}
 h - a scroll of fog {unknown}
 i - a scroll of identify {unknown}
Potions
 c - a potion of might
 d - 2 potions of degeneration {unknown}
 g - a potion of berserk rage {unknown}
 j - a potion of lignification {unknown}


   Skills:
 - Level 3.4 Fighting
 - Level 2.5 Axes
 * Level 3.0 Throwing
 - Level 3.0 Dodging
 - Level 3.3 Shields


You had 3 spell levels left.
You didn't know any spells.
Your spell library was empty.

Dungeon Overview and Level Annotations

Branches:
Dungeon (2/15)

Altars:

Annotations:
D:2 Natasha


Innate Abilities, Weirdness & Mutations

You cannot wear most types of armour.
You are amphibious.
You can wear up to eight rings at the same time.
Your skin changes colour to match your surroundings (Stealth+).
Your rubbery body absorbs attacks. (AC +1, EV +1)
((You are camouflaged near water. (Stealth+)))
You have tentacles for arms and can constrict up to eight enemies at once.


Message History

The adder bites you.
You are poisoned.
The adder poisons you! The adder bites you.
You miss the adder. Your grab misses the adder. You squeeze the adder.
You kill the adder!
You feel very sick.
Your Throwing skill increases to level 3!
No target in view!
No target in view!
No target in view!
You feel sick.
You feel sick.
You feel sick.
You feel sick.
You feel sick.
You are no longer poisoned.
Natasha, Servant of Life and Death comes into view.
Natasha is nearby!
Natasha is nearby!
Natasha hisses angrily.
You block Natasha's attack.
You hit Natasha. Your grab misses Natasha. You squeeze Natasha.
Natasha is moderately wounded.
Natasha stares at you and mumbles some strange words.
The magic dart hits you!
You miss Natasha. Your grab misses Natasha.
Natasha is moderately wounded.
Natasha casts a spell at you. The magic dart hits you!
* * * LOW HITPOINT WARNING * * *
Natasha misses you.
You are too injured to fight recklessly!
You are too injured to fight recklessly!
You are too injured to fight recklessly!
You hit Natasha. You grab Natasha. Your squeeze misses Natasha.
Natasha is heavily wounded.
You constrict Natasha.
Natasha stares at you and mumbles some strange words.
The magic dart hits you.
You die...

...≈....##....# ..
§§§≈≈≈.. #.#..# ###..
§P§≈≈≈.###.##.###...
§§§§≈≈.....##...#.# #.
§P§§≈≈.#....#...†.###...
§§§≈...).##.##..........
.#....#####.##..........
.#.#.## #.............
.. #.# #####.@...#### .#
#.# #.h.#..# .#
#.########..........# .#
#.#....#....#..##.#.#
.###.#........##..# ...#
.............. .... ...
...###........ ...# .
.....†........ ....
.....).......#.#..


You could see Natasha.

Vanquished Creatures
  Jessica (D:2)
  Natasha (D:2)
  An adder (D:2)
  An adder zombie (D:2)
  A dart slug (D:1)
  3 ball pythons (D:1)
  A bat skeleton (D:2)
  3 endoplasms
  4 giant cockroaches (D:1)
  3 goblins (D:1)
  2 hobgoblins (D:1)
  3 jackals
  A quokka (D:2)
  2 ball python skeletons (D:2)
  A bat (D:1)
  A frilled lizard (D:1)
  4 kobolds
  3 rats
36 creatures vanquished.

Vanquished Creatures (others)
  A withered plant (D:2)
1 creature vanquished.

Grand Total: 37 creatures vanquished

Notes
Turn   | Place    | Note
-------+----------+-------------------------------------------
     0 | D:1      | Zeld the Octopode Fighter began the quest for the Orb.
     0 | D:1      | Reached XP level 1. HP: 16/16 MP: 1/1
   321 | D:1      | Reached XP level 2. HP: 21/21 MP: 2/2
   644 | D:1      | Found a faded altar of an unknown god.
   855 | D:1      | Reached XP level 3. HP: 26/26 MP: 3/3
  1127 | D:2      | Reached skill level 1 in Throwing
  1313 | D:2      | Noticed Natasha
  1317 | D:2      | Killed Natasha
  1318 | D:2      | Reached XP level 4. HP: 20/31 MP: 4/4
  1482 | D:2      | Noticed Jessica
  1487 | D:2      | Killed Jessica
  1749 | D:2      | Noticed Natasha
  1757 | D:2      | Killed from afar by Natasha

Illustrated notes

Levels and vault maps discovered:
D:1:      grunt_arrival_crossed_arrows, layout_loops_corners,
          hellmonk_ecumenical_altar_zigzags
D:2:      layout_rooms, serial_undead, serial_undead_f, serial_undead_e,
          serial_undead_f, serial_undead_b, basic_altar,
          guppyfry_early_lair_pool, uniq_jessica, uniq_natasha

Skill      XL: |  1  2  3  4 |
---------------+-------------+-----
Throwing       | 2 3 |  3.0
Fighting       | |  3.4
Axes           | |  2.5
Dodging        | |  3.0
Shields        | |  3.3

Action                   |  1- 3 |  4- 6 || total
-------------------------+-------+-------++-------
Melee: War axe           |    51 |    10 ||    61
       Constrict         |    12 |     2 ||    14
       Tentacles         |     4 |     2 ||     6
 Stab: Sleeping          |    10 |     2 ||    12
Armor: Skin              |     7 |       ||     7
Dodge: Dodged            |    30 |     1 ||    31
Block: Kite shield       |    22 |     1 ||    23

Table legend: (Time is in decaauts)
 A = Elapsed time spent in this place.
 B = Non-inter-level travel time spent in this place.
 C = Inter-level travel time spent in this place.
 D = Time resting spent in this place.
 E = Time spent auto-exploring this place.
 F = Levels seen in this place.
 G = Mean time per level.
                   A        B        C        D        E       F      G
               +--------+--------+--------+--------+--------+-----+--------+
         Total |   1795 |   1791 |      4 |      0 |   1556 |   2 |  897.5 |
       Dungeon |   1795 |   1791 |      4 |      0 |   1556 |   2 |  897.5 |
               +--------+--------+--------+--------+--------+-----+--------+

Top non-repeatable levels by time:
     D:1: 1143 daAuts
     D:2: 652 daAuts
